Unix NetHack Version 5.0.0-0 post-release - last build May 31 2026 23:59:36 (970b52f25bf058293b47ddfd14a1e40e571c508c,branch:main).

Game began 2026-06-01 13:58:18, ended 2026-06-01 14:03:19.

DaveT, lawful male human Priest

                                                             ------------
                                               ----------    +..........|
                            ----------#########.........|  # |..........|
                           #.........|#        |.........####-..........|
                           #|........|#        |........|    -----|------
                           #-.-----.--#        |........|         #
 ------                    # ###   # ##        |........|         #
 |..>.|                    ##  #     #         --.--|----         #
 |....|                     #  ##    #           #  #             #
 |.....#                    #   ######           #  #            ##
 ------#                    # ##### #        #####  #            #
       #              ------# #   --.--      #      #            #    -------
       ########       |....|# #   |.:.|      #      #            #    |.@m!%|
              #       |....-###   |...|      #      #          ###    |.)[.)|
              ####    |.(..|      |...|      #    ###        --.--    |...%[|
                 #    |....|      |....#    -.----.---       |>..|  ##-@./%.|
                 #####.%..<|      |...|#####..._.{....#######....|  # |.....|
                      |....|      -----    #-........|       |..`.### -------
                      ------                ----------       -----

DaveT the Aspirant           St:10 Dx:13 Co:15 In:4 Wi:18 Ch:9  Lawful
Dlvl:2  $:0  HP:0(21) Pw:17(22) AC:0  Xp:2 T:1013  Burdened

Latest messages:
 "For you, most gracious sir; only 400 zorkmids for this steel ring."
 You have a little trouble lifting E - a cursed steel ring (unpaid, 400 zorkmids).
 You see here a lembas wafer (for sale, 60 zorkmids).
 You see here a wand of digging (for sale, 200 zorkmids).
 "For you, esteemed sir; only 200 zorkmids for this wand of digging."
 You have a little trouble lifting F - a wand of digging (unpaid, 200 zorkmids).
 What do you want to drop? [$a-rt-wA-F or ?*] F
 You drop a wand of digging (unpaid, 200 zorkmids).
 You see here a pink potion (for sale, 267 zorkmids).
 "For you, esteemed sir; only 267 zorkmids for this pink potion."
 You have a little trouble lifting G - a pink potion (unpaid, 267 zorkmids).
 You see here a dark green potion (for sale, 200 zorkmids).
 "For you, most gracious sir; only 200 zorkmids for this dark green potion."
 You have a little trouble lifting H - a dark green potion (unpaid, 200 zorkmids).
 You see here a brass ring (for sale, 133 zorkmids).
 "For you, good sir; only 133 zorkmids for this brass ring."
 You have a little trouble lifting I - a brass ring (unpaid, 133 zorkmids).
 You see here a tripe ration (for sale, 20 zorkmids).
 You see here a crude chain mail (for sale, 133 zorkmids).
 You see here a mace (for sale, 7 zorkmids).
 You see here a marble wand (for sale, 200 zorkmids).
 "For you, honored sir; only 200 zorkmids for this marble wand."
 You have a little trouble lifting J - a marble wand (unpaid, 200 zorkmids).
 You see here a crystal helmet (for sale, 67 zorkmids).
 "For you, good sir; only 67 zorkmids for this crystal helmet."
 You have a little trouble lifting K - a crystal helmet (unpaid, 67 zorkmids).
 What do you want to wear? [*] K
 You are already wearing a helm.
 What do you want to take off? [bcu or ?*] ?
 You finish taking off your helm.
 What do you want to drop? [$a-rt-wA-EG-K or ?*] u
 You drop a +0 iron skull cap.
 Kinojevis offers 4 gold pieces for your iron skull cap.  Sell it? [ynaq] (n) y
 A +0 orcish helm; you sold it for 4 gold pieces.
 What do you want to wear? [wK or ?*] ?
 You finish your dressing maneuver.
 You see here a thonged club (for sale, 5 zorkmids).
 You see here a concave amulet (for sale, 200 zorkmids).
 "For you, good sir; only 200 zorkmids for this concave amulet."
 You have a little trouble lifting L - a concave amulet (unpaid, 200 zorkmids).
 That strange object is a small mimic!
 You miss the small mimic.
 The small mimic hits!
 You miss the small mimic.
 You hit the small mimic.
 The small mimic hits!
 You die...
 Kinojevis comes and takes all your possessions.
 Do you want to see what you had when you died? [ynq] (y) y
 Do you want to see your attributes? [ynq] (y) q

Inventory:
 Amulets  ('"')
  L - an amulet of ESP
 Weapons  (')')
  t - a rustproof +0 orcish dagger
  v - a +0 orcish dagger
  a - a blessed +1 mace (weapon in right hand)
  i - a +0 mace
 Armor    ('[')
  K - a +0 helm of brilliance (being worn)
  w - a +0 orcish helm
  c - a blessed +0 small shield (being worn)
  b - a +0 robe (being worn)
  n - a +2 scale mail (being worn)
 Comestibles  ('%')
  o - 2 bananas
  e - a clove of garlic
  p - 2 food rations
  f - 2 sprigs of wolfsbane
 Scrolls  ('?')
  q - a scroll of blank paper
  C - a scroll of destroy armor
  A - a scroll of identify
 Spellbooks  ('+')
  h - a spellbook of cure sickness
  B - a spellbook of detect monsters
  r - a spellbook of detect treasure
  g - a spellbook of healing
  j - a spellbook of healing
 Potions  ('!')
  H - a potion of invisibility
  G - a potion of object detection
  d - 4 potions of holy water
 Rings    ('=')
  E - a cursed ring of conflict
  D - a ring of fire resistance
  I - a ring of sustain ability
 Wands    ('/')
  l - a wand of digging (0:6)
  k - a wand of digging (0:3)
  m - a wand of fire (0:5)
  J - a wand of secret door detection (0:12)

DaveT the Priest's attributes:

Background:
 You were an Aspirant, a level 2 human Priest.
 You were lawful, on a mission for Issek
 who was opposed by Mog (neutral) and Kos (chaotic).
 You were right-handed.
 You were in the Dungeons of Doom, on level 2.
 You entered the dungeon 1013 turns ago.
 There was a full moon in effect when your adventure ended.
 You had 37 experience points, 3 more were needed to attain level 3.

Basics:
 You had 0 out of 21 hit points.
 You had 17 out of 22 energy points (spell power).
 Your armor class was 0.
 Your wallet was empty.
 Autopickup was off.

Final Characteristics:
 Your strength was 10 (limit:18/100).
 Your dexterity was 13 (limit:18).
 Your constitution was 15 (limit:18).
 Your intelligence was 4 (peak:10, limit:18).
 Your wisdom was 18 (limit:18).
 Your charisma was 9 (limit:18).

Final Status:
 You weren't hungry.
 You were burdened; movement was slightly slowed.
 You were wielding a mace.
 You had basic skill with mace.

Final Attributes:
 You were devoutly aligned.
 You were guarded.
 Your spell casting was impaired by metallic armor, mitigated by your robe.
 You are dead.

Miscellaneous:
 You didn't encounter any bones levels.
 Total elapsed playing time was 5 minutes.

Major events:
 Turn
    1: DaveT the lawful human Priest entered the dungeon
  381: entered the Gnomish Mines
 1013: killed by a small mimic

Spells:
 Name                 Level Category     Fail Retention
 healing                1   healing       17%  76%-100%
 cure sickness          3   healing      100%  76%-100%

Skills:
 Fighting Skills
   bare handed combat [Unskilled]
 Weapon Skills
   club               [Unskilled]
   mace               [Basic]
   morning star       [Unskilled]
   flail              [Unskilled]
   hammer             [Unskilled]
   quarterstaff       [Unskilled]
   polearms           [Unskilled]
   spear              [Unskilled]
   trident            [Unskilled]
   lance              [Unskilled]
   bow                [Unskilled]
   sling              [Unskilled]
   crossbow           [Unskilled]
   dart               [Unskilled]
   shuriken           [Unskilled]
   boomerang          [Unskilled]
   unicorn horn       [Unskilled]
 Spellcasting Skills
   healing spells     [Unskilled]
   divination spells  [Unskilled]
   clerical spells    [Basic]

Voluntary challenges:
 Character rerolling was not enabled.
 You never genocided any monsters.
 You never polymorphed an object.
 You never changed form.
 You used no wishes.
Achievements:
 You entered the Gnomish Mines.
 You entered a shop.

 The Dungeons of Doom: levels 1 to 3
    Level 1:
    Level 2: <- You were here.
       A general store, an altar, a sink.
       Stairs down to The Gnomish Mines.
       Final resting place for
          you, killed by a small mimic.
    Level 3:
 The Gnomish Mines:
    Level 3:


Vanquished creatures:
  a coyote
  8 jackals
  a kobold
  3 goblins
  a lichen
  a newt
15 creatures vanquished.

No species were genocided or became extinct.

Game over:
                       ----------
                      /          \
                     /    REST    \
                    /      IN      \
                   /     PEACE      \
                  /                  \
                  |      DaveT       |
                  |       0 Au       |
                  |   killed by a    |
                  |   small mimic    |
                  |                  |
                  |                  |
                  |       2026       |
                 *|     *  *  *      | *
        _________)/\\_//(\/(/\)/\//\/|_)_______

Goodbye DaveT the Priest...

You died in The Dungeons of Doom on dungeon level 2 with 298 points,
and 0 pieces of gold, after 1013 moves.
You were level 2 with a maximum of 21 hit points when you died.

